 Dungeon Crawl Stone Soup version 0.29.0-4-gdea44cf6ec (webtiles) character file.

Game seed: 11715537095682762698

5392 qw the Cleaver (level 10, 0/80 HPs)
             Began as a Formicid Cinder Acolyte on Sept 4, 2022.
             Was an Initiate of Okawaru.
             Slain by a wyvern (13 damage)
             ... on level 8 of the Dungeon.
             The game lasted 00:03:37 (11011 turns).

qw the Cleaver (Formicid Cinder Acolyte)           Turns: 11011, Time: 00:03:38

Health: 0/80       AC: 12    Str: 22    XL:     10   Next: 98%
Magic:  11/11      EV:  8    Int: 13    God:    Okawaru [......]
Gold:   390        SH:  0    Dex:  9    Spells: 11/11 levels left

rFire   . . .      SeeInvis +   Y - +0 war axe
rCold   . . .      Faith    .   (no shield)
rNeg    . . .      Spirit   .   c - +0 chain mail
rPois   +          Reflect  .   (helmet unavailable)
rElec   .          Harm     .   (no cloak)
rCorr   .          Rampage  .   (no gloves)
Will    .....                   d - +1 pair of boots of Sufficient Lucidity {+Blink rPois Will- Int-2}
Stlth   ..........              (no amulet)
HPRegen 0.23/turn               i - +4 ring of slaying {mikee}
MPRegen 0.12/turn               (no ring)

@: fire susceptible
A: permanent stasis, dig shafts and tunnels, antennae 3, four strong arms
a: Dig, Shaft Self, Renounce Religion


You were on level 8 of the Dungeon.
You worshipped Okawaru.
Okawaru was noncommittal.
You visited 2 branches of the dungeon, and saw 10 of its levels.

You collected 446 gold pieces.
You spent 56 gold pieces at shops.


Innate Abilities, Weirdness & Mutations

You cannot be hasted, slowed, berserked, paralysed or teleported.
You can dig through walls and to a lower floor.
You have a pair of large antennae on your head. (SInv)
Your four strong arms can wield two-handed weapons with a shield.


   Skills:
 - Level 8.0 Fighting
 + Level 12.9 Axes
 - Level 2.7 Throwing
 - Level 5.0 Armour
 - Level 2.0 Dodging
 - Level 1.1 Spellcasting
 - Level 3.0 Fire Magic


You had 11 spell levels left.
You didn't know any spells.
Your spell library contained the following spells:

 Spells                   Type           Power      Damage    Failure   Level
 Scorch                   Fire           16%        2d5       67%         2

Inventory:

Hand Weapons
 g - a -1 hand axe of flaming
 Y - a +0 war axe (weapon)
Missiles
 j - 4 boomerangs (quivered)
Armour
 c - a +0 chain mail (worn)
 d - the +1 pair of boots of Sufficient Lucidity (worn) {+Blink rPois Will- Int-2}
   (You found it on level 3 of the Dungeon)

   Int:       It affects your intelligence (-2).
   rPois:     It protects you from poison.
   +Blink:    It lets you blink.
   Will:      It decreases your willpower.
 k - a +0 pair of boots
Jewellery
 i - a +4 ring of slaying (left hand) {mikee}
 n - a ring of ice
Scrolls
 a - 4 scrolls of identify
 f - a scroll of enchant armour
Potions
 b - a potion of haste
 e - a potion of curing
 h - 3 potions of might
 l - a potion of mutation

Dungeon Overview and Level Annotations

Branches:
Dungeon (9/15)             Temple (1/1) D:7
   Lair: D:8-11         Orc: D:9-12

Altars:
Ashenzari
Cheibriados
Elyvilon
Kikubaaqudgha
Makhleb
Nemelex Xobeh
Okawaru
Qazlal
Ru
Trog
Xom
Yredelemnul
The Shining One

Shops:
D:6 !

Annotations:
D:3 1 runed translucent door, Crazy Yiuf


Message History

A yak comes into view.
The wyvern bites you! The yak gores you. The water moccasin bites you.
11004 ||| STAIRDANCE The yak bellows!
The basilisk hisses angrily.
You hear an angry hiss. x2
The wyvern bites you but does no damage.
The yak barely misses you. The water moccasin closely misses you.
The wyvern barely misses you.
You climb upwards.
There is a stone staircase leading down here.
You slash the wyvern!
The wyvern is heavily wounded.
You hit the yak. You barely miss the water moccasin.
The water moccasin bites you. The yak closely misses you.
The wyvern bites you but does no damage.
You closely miss the wyvern.
The wyvern is heavily wounded.
You slash the water moccasin! You slash the yak!
The water moccasin barely misses you.
The wyvern bites you but does no damage.
The yak gores you but does no damage.
You hit the wyvern but do no damage.
The wyvern is heavily wounded.
You slash the water moccasin! You hit the yak. The wyvern bites you!
The water moccasin bites you. The yak gores you but does no damage.
The wyvern bites you.
The water moccasin bites you but does no damage.
You hit the water moccasin.
You kill the water moccasin!
Okawaru accepts your kill.
You hit the yak. You hit the wyvern but do no damage. The wyvern bites you!
The yak gores you.
You slash the yak!
The yak is severely wounded.
You completely miss the wyvern. The wyvern bites you.
You hit the yak.
The yak is almost dead.
You hit the wyvern. The wyvern bites you. The yak gores you.
The wyvern bites you!
You die...

#...........<#.# #...#
#..........###.# #..[#
#..........'...# #...#
#......(..)##### #...#
#........<[)..####...####
#.[.........[....+...'...
#................#.|)####
#..........).\...#..)....
#...}..Y@%...)...'.#####.
####P...l##......#.#}~~##
#####.#.......#.#~~~~~
#.#.#.......#~~~##
#...#.......##~##.
#####........'~#._
#.......##~##.
#.......#~~~##
#.....?.#~~~~~


You could see a yak and a wyvern.

Vanquished Creatures
  Gastronok (D:8)
  A troll (D:9)
  A hornet (D:8)
  Prince Ribbit (D:8)
  A wraith (D:7)
  A yak (D:9)
  2 steam dragons
  4 water moccasins
  3 orc warriors
  Pargi (D:3)
  A black bear (D:6)
  An ice beast (D:7)
  An ogre (D:3)
  A centaur (D:5)
  2 phantoms
  A kobold brigand (D:7)
  3 bullfrogs
  2 necrophages
  A scorpion (D:7)
  3 wights (D:8)
  6 killer bees (D:7)
  4 howler monkeys
  A hound (D:6)
  A quasit (D:8)
  6 orc priests
  A gnoll bouda (D:7)
  3 jellies
  2 iguanas
  Natasha (twice) (D:3)
  An orc wizard (D:8)
  10 adders
  5 gnolls (D:7)
  A river rat (D:5)
  3 shadow imps
  7 white imps
  4 ufetubi
  4 worms
  4 dart slugs
  32 orcs
  7 endoplasms
  2 giant cockroaches
  5 goblins
  5 hobgoblins
  A quokka (D:3)
  4 ball pythons
  4 bats
  3 frilled lizards
  4 goblin zombies (D:8)
  4 hobgoblin zombies (D:8)
  5 kobolds
  2 kobold skeletons (D:8)
  2 kobold zombies (D:8)
  An orc zombie (D:8)
  A rat (D:2)
179 creatures vanquished.

Vanquished Creatures (others)
  A demonic plant (D:8)
  4 fungi
  9 plants (D:9)
14 creatures vanquished.

Grand Total: 193 creatures vanquished

Notes
Turn   | Place    | Note
-------+----------+-------------------------------------------
     0 | D:1      | qw the Formicid Cinder Acolyte began the quest for the Orb.
     0 | D:1      | Reached XP level 1. HP: 18/18 MP: 2/2
     0 | D:1      | 0 ||| qw: Version: 0.1-a-102-g441f92d
     0 | D:1      | 0 ||| qw: Game counter: 5347
     0 | D:1      | 0 ||| qw: Always use a shield: true
     0 | D:1      | 0 ||| qw: God list: Okawaru
     0 | D:1      | 0 ||| qw: Allow faded altars: false
     0 | D:1      | 0 ||| qw: Do Orc after D:15 true
     0 | D:1      | 0 ||| qw: Do second Lair branch before Depths: true
     0 | D:1      | 0 ||| qw: Lair rune preference: random
     0 | D:1      | 0 ||| qw: Plans: Normal
     0 | D:1      | 0 ||| PLANNING D:1-11
   246 | D:1      | Found a faded altar of an unknown god.
   367 | D:1      | 367 ||| INVOKING Fiery Armour.
   370 | D:1      | Reached XP level 2. HP: 7/24 MP: 3/3
  1142 | D:1      | 1142 ||| UPGRADING to +0 chain mail.
  1152 | D:1      | 1152 ||| DROPPING +0 robe.
  1153 | D:1      | 1153 ||| READING 2 scrolls labelled RAZAPL RIOT.
  1154 | D:1      | 1154 ||| READING scroll labelled SEAVVIPEIS.
  1155 | D:1      | 1155 ||| DRINKING 2 clear potions.
  1309 | D:2      | Reached skill level 1 in Armour
  1309 | D:2      | Reached XP level 3. HP: 27/29 MP: 4/4
  1473 | D:2      | 1473 ||| INVOKING Fiery Armour.
  1476 | D:2      | Reached skill level 4 in Axes
  1774 | D:2      | Reached XP level 4. HP: 35/35 MP: 5/5
  1933 | D:2      | 1933 ||| Stepping ~*~*~tactically~*~*~ (stealth).
  2331 | D:2      | 2331 ||| READING scroll labelled EDUNIG GEWUFUTHRI.
  2332 | D:2      | 2332 ||| READING scroll labelled VUIRCH YDWUHUNOUNE.
  2333 | D:2      | 2333 ||| READING scroll labelled WEYCLA BOFROGE.
  2334 | D:2      | 2334 ||| READING scroll labelled LURATHR MUER.
  2335 | D:2      | 2335 ||| READING scroll labelled MUESAU VOEL.
  2336 | D:2      | 2336 ||| READING 2 scrolls of identify.
  2336 | D:2      | 2336 ||| IDENTIFYING lumpy emerald potion
  2337 | D:2      | 2337 ||| DROPPING potion of brilliance.
  2405 | D:3      | Identified the +1 pair of boots of Sufficient Lucidity
                  | {+Blink rPois Will- Int-2}
  2461 | D:3      | Found a runed translucent door.
  2462 | D:3      | Noticed Crazy Yiuf
  2500 | D:3      | Found the +7 Spriggan's Knife {stab, EV+4 Stlth+}
  2533 | D:3      | Noticed an ogre
  2541 | D:3      | 2541 ||| INVOKING Fiery Armour.
  2542 | D:3      | Killed an ogre
  2543 | D:3      | Reached skill level 5 in Axes
  2543 | D:3      | Reached XP level 5. HP: 17/41 MP: 6/6
  2748 | D:3      | Noticed Pargi
  2765 | D:3      | 2765 ||| INVOKING Fiery Armour.
  2766 | D:3      | Killed Pargi
  2767 | D:3      | Reached skill level 3 in Armour
  2767 | D:3      | Reached XP level 6. HP: 18/47 MP: 7/7
  2998 | D:3      | Noticed Natasha
  3003 | D:3      | Killed Natasha
  3023 | D:3      | Noticed Natasha
  3031 | D:3      | Killed Natasha
  3032 | D:3      | Reached skill level 6 in Axes
  3580 | D:3      | 3580 ||| UPGRADING to +1 pair of boots of Sufficient
                  | Lucidity {+Blink rPois Will- Int-2}.
  3585 | D:3      | 3585 ||| DROPPING amulet of magic regeneration.
  3586 | D:3      | 3586 ||| READING scroll labelled SOEJORCHULYI.
  3587 | D:3      | 3587 ||| READING scroll labelled WAP OHANUGALO.
  3588 | D:3      | 3588 ||| READING scroll labelled CIEW OSINILU.
  3589 | D:3      | 3589 ||| DRINKING 2 sedimented yellow potions.
  3590 | D:3      | 3590 ||| DRINKING 2 green potions.
  3591 | D:3      | 3591 ||| DROPPING potion of degeneration.
  4127 | D:4      | 4127 ||| Stepping ~*~*~tactically~*~*~ (hiding).
  4412 | D:4      | Found a shimmering altar of Xom.
  4442 | D:4      | Found a sparkling altar of Nemelex Xobeh.
  4450 | D:4      | Reached skill level 1 in Throwing
  4609 | D:4      | 4609 ||| READING scroll labelled QALYMI VYETZAH.
  4610 | D:4      | 4610 ||| READING scroll labelled ENODOIHOITZ.
  4611 | D:4      | 4611 ||| DRINKING 2 fuming silvery potions.
  4612 | D:4      | 4612 ||| DRINKING 2 grey potions.
  4613 | D:4      | 4613 ||| DROPPING potion of berserk rage.
  4637 | D:5      | Entered Level 5 of the Dungeon
  4638 | D:5      | 4638 ||| PLANNING SEWER
  4649 | D:5      | Reached XP level 7. HP: 49/53 MP: 8/8
  4939 | D:5      | 4939 ||| Stepping ~*~*~tactically~*~*~ (stealth).
  5013 | D:5      | Found a broken altar of Ashenzari.
  5086 | D:5      | 5086 ||| Stepping ~*~*~tactically~*~*~ (hiding).
  5088 | D:5      | 5088 ||| Stepping ~*~*~tactically~*~*~ (hiding).
  5097 | D:5      | 5097 ||| INVOKING Fiery Armour.
  5102 | D:5      | Reached skill level 7 in Axes
  5332 | D:5      | Noticed a water moccasin
  5339 | D:5      | Killed a water moccasin
  5340 | D:5      | Reached XP level 8. HP: 59/61 MP: 9/9
  5420 | D:5      | 5420 ||| RIP SEWER
  5436 | D:5      | 5436 ||| PLANNING D:1-11
  5616 | D:5      | 5616 ||| UPGRADING to +4 ring of slaying {mikee}.
  5617 | D:5      | 5617 ||| READING 4 scrolls of identify.
  5617 | D:5      | 5617 ||| IDENTIFYING yellow potion
  5618 | D:5      | 5618 ||| DROPPING potion of magic.
  5659 | D:6      | 5659 ||| Stepping ~*~*~tactically~*~*~ (hiding).
  5670 | D:6      | 5670 ||| INVOKING Fiery Armour.
  5886 | D:6      | 5886 ||| Stepping ~*~*~tactically~*~*~ (hiding).
  5889 | D:6      | 5889 ||| Stepping ~*~*~tactically~*~*~ (hiding).
  6008 | D:6      | 6008 ||| Stepping ~*~*~tactically~*~*~ (hiding).
  6110 | D:6      | Found Pymaugy's Distillery.
  6118 | D:6      | 6118 ||| SHOPLISTING potion of experience (700 gold, have
                  | 341).
  6118 | D:6      | 6118 ||| BUYING potion of might (56 gold).
  6118 | D:6      | Bought a potion of might for 56 gold pieces
  6126 | D:6      | 6126 ||| Stepping ~*~*~tactically~*~*~ (stealth).
  6129 | D:6      | 6129 ||| Stepping ~*~*~tactically~*~*~ (hiding).
  6290 | D:6      | 6290 ||| Stepping ~*~*~tactically~*~*~ (hiding).
  6299 | D:6      | Reached skill level 8 in Axes
  6299 | D:6      | 6299 ||| Stepping ~*~*~tactically~*~*~ (stealth).
  6300 | D:6      | 6300 ||| Stepping ~*~*~tactically~*~*~ (stealth).
  6303 | D:6      | 6303 ||| Stepping ~*~*~tactically~*~*~ (stealth).
  6407 | D:6      | 6407 ||| Stepping ~*~*~tactically~*~*~ (stealth).
  6692 | D:6      | 6692 ||| SWAPPING to +0 war axe.
  6693 | D:6      | 6693 ||| READING scroll labelled MITUEF URHEYS.
  6708 | D:7      | Noticed a wraith
  6708 | D:7      | Found a staircase to the Ecumenical Temple.
  6724 | D:7      | 6724 ||| INVOKING Fiery Armour.
  6727 | D:7      | Killed a wraith
  6728 | D:7      | 6728 ||| STAIRDANCE
  6960 | D:7      | Reached skill level 9 in Axes
  6960 | D:7      | Reached XP level 9. HP: 68/68 MP: 10/10
  7136 | D:7      | 7136 ||| Stepping ~*~*~tactically~*~*~ (stealth).
  7141 | D:7      | 7141 ||| Stepping ~*~*~tactically~*~*~ (stealth).
  7146 | D:7      | 7146 ||| Stepping ~*~*~tactically~*~*~ (stealth).
  7148 | D:7      | 7148 ||| Stepping ~*~*~tactically~*~*~ (stealth).
  7157 | D:7      | 7157 ||| Stepping ~*~*~tactically~*~*~ (hiding).
  7289 | D:7      | 7289 ||| INVOKING Fiery Armour.
  7294 | D:7      | Reached skill level 6 in Fighting
  7436 | D:7      | 7436 ||| Stepping ~*~*~tactically~*~*~ (hiding).
  7439 | D:7      | 7439 ||| Stepping ~*~*~tactically~*~*~ (hiding).
  7973 | D:7      | Reached skill level 10 in Axes
  8301 | D:7      | 8301 ||| Stepping ~*~*~tactically~*~*~ (stealth).
  8302 | D:7      | 8302 ||| Stepping ~*~*~tactically~*~*~ (stealth).
  8317 | D:7      | 8317 ||| Stepping ~*~*~tactically~*~*~ (stealth).
  8319 | D:7      | 8319 ||| Stepping ~*~*~tactically~*~*~ (stealth).
  8333 | D:7      | 8333 ||| INVOKING Fiery Armour.
  8341 | D:7      | 8341 ||| Stepping ~*~*~tactically~*~*~ (stealth).
  8575 | D:7      | 8575 ||| READING 5 scrolls of identify.
  8575 | D:7      | 8575 ||| IDENTIFYING red potion
  8576 | D:7      | 8576 ||| READING 4 scrolls of identify.
  8576 | D:7      | 8576 ||| IDENTIFYING sedimented brown potion
  8577 | D:7      | 8577 ||| DROPPING potion of flight.
  8615 | D:8      | Noticed a hornet
  8616 | D:8      | 8616 ||| INVOKING Fiery Armour.
  8625 | D:8      | Killed a hornet
  8630 | D:8      | HP: 13/72 [orc warrior/+0 trident (6)]
  8639 | D:8      | Reached XP level 10. HP: 11/79 MP: 11/11
  8833 | D:8      | 8833 ||| FLEEEEING.
  8834 | D:8      | 8834 ||| FLEEEEING.
  8835 | D:8      | 8835 ||| STAIRDANCE
  9036 | D:8      | 9036 ||| FLEEEEING.
  9039 | D:8      | 9039 ||| STAIRDANCE
  9179 | D:8      | Noticed Gastronok
  9194 | D:8      | 9194 ||| INVOKING Fiery Armour.
  9195 | D:8      | HP: 6/79 [Gastronok (18)]
  9196 | D:8      | Killed Gastronok
  9197 | D:8      | Reached skill level 12 in Axes
  9525 | D:8      | 9525 ||| Stepping ~*~*~tactically~*~*~ (stealth).
  9527 | D:8      | 9527 ||| Stepping ~*~*~tactically~*~*~ (hiding).
  9529 | D:8      | 9529 ||| Stepping ~*~*~tactically~*~*~ (hiding).
  9530 | D:8      | 9530 ||| Stepping ~*~*~tactically~*~*~ (hiding).
  9564 | D:8      | Found a snail-covered altar of Cheibriados.
  9568 | D:8      | 9568 ||| Stepping randomly (stuck).
  9570 | D:8      | 9570 ||| Stepping randomly (stuck).
  9571 | D:8      | 9571 ||| Stepping randomly (stuck).
  9572 | D:8      | 9572 ||| Stepping randomly (stuck).
  9573 | D:8      | 9573 ||| Stepping randomly (stuck).
  9574 | D:8      | 9574 ||| Stepping randomly (stuck).
  9575 | D:8      | 9575 ||| Stepping randomly (stuck).
  9576 | D:8      | 9576 ||| Stepping randomly (stuck).
  9577 | D:8      | 9577 ||| Stepping randomly (stuck).
  9578 | D:8      | 9578 ||| Stepping randomly (stuck).
  9579 | D:8      | 9579 ||| Stepping randomly (stuck).
  9580 | D:8      | 9580 ||| Stepping randomly (stuck).
  9581 | D:8      | 9581 ||| Stepping randomly (stuck).
  9582 | D:8      | 9582 ||| Stepping randomly (stuck).
  9583 | D:8      | 9583 ||| Stepping randomly (stuck).
  9584 | D:8      | 9584 ||| Stepping randomly (stuck).
  9585 | D:8      | 9585 ||| Stepping randomly (stuck).
  9586 | D:8      | 9586 ||| Stepping randomly (stuck).
  9587 | D:8      | 9587 ||| Stepping randomly (stuck).
  9591 | D:8      | 9591 ||| Stepping randomly (stuck).
  9592 | D:8      | 9592 ||| Stepping randomly (stuck).
  9593 | D:8      | 9593 ||| Stepping randomly (stuck).
  9596 | D:8      | 9596 ||| Stepping randomly (stuck).
  9598 | D:8      | 9598 ||| Stepping randomly (stuck).
  9599 | D:8      | 9599 ||| Stepping randomly (stuck).
  9601 | D:8      | 9601 ||| Stepping randomly (stuck).
  9603 | D:8      | 9603 ||| Stepping randomly (stuck).
  9604 | D:8      | 9604 ||| Stepping randomly (stuck).
  9605 | D:8      | 9605 ||| Stepping randomly (stuck).
  9606 | D:8      | 9606 ||| Stepping randomly (stuck).
  9607 | D:8      | 9607 ||| Stepping randomly (stuck).
  9609 | D:8      | 9609 ||| Stepping randomly (stuck).
  9611 | D:8      | 9611 ||| Stepping randomly (stuck).
  9613 | D:8      | 9613 ||| Stepping randomly (stuck).
  9615 | D:8      | 9615 ||| Stepping randomly (stuck).
  9616 | D:8      | 9616 ||| Stepping randomly (stuck).
  9618 | D:8      | 9618 ||| Stepping randomly (stuck).
  9620 | D:8      | 9620 ||| Stepping randomly (stuck).
  9621 | D:8      | 9621 ||| Stepping randomly (stuck).
  9622 | D:8      | 9622 ||| Stepping randomly (stuck).
  9689 | D:8      | Identified the +1 leather armour of Tenacity {rPois Str-4
                  | Dex-3 Stlth+}
  9717 | D:8      | 9717 ||| INVOKING Fiery Armour.
  9824 | D:8      | 9824 ||| Stepping ~*~*~tactically~*~*~ (stealth).
 10092 | D:8      | 10092 ||| Stepping ~*~*~tactically~*~*~ (stealth).
 10094 | D:8      | 10094 ||| Stepping ~*~*~tactically~*~*~ (stealth).
 10097 | D:8      | 10097 ||| INVOKING Fiery Armour.
 10102 | D:8      | 10102 ||| Stepping ~*~*~tactically~*~*~ (stealth).
 10103 | D:8      | 10103 ||| Stepping ~*~*~tactically~*~*~ (stealth).
 10111 | D:8      | 10111 ||| Stepping ~*~*~tactically~*~*~ (stealth).
 10115 | D:8      | 10115 ||| Stepping ~*~*~tactically~*~*~ (stealth).
 10116 | D:8      | 10116 ||| Stepping ~*~*~tactically~*~*~ (stealth).
 10116 | D:8      | Found a glowing golden altar of the Shining One.
 10119 | D:8      | 10119 ||| Stepping ~*~*~tactically~*~*~ (stealth).
 10127 | D:8      | 10127 ||| Stepping ~*~*~tactically~*~*~ (stealth).
 10132 | D:8      | 10132 ||| Stepping ~*~*~tactically~*~*~ (stealth).
 10468 | D:8      | Noticed Prince Ribbit
 10475 | D:8      | Killed Prince Ribbit
 10653 | D:8      | 10653 ||| PLANNING TEMPLE
 10723 | Temple   | Entered the Ecumenical Temple
 10726 | Temple   | 10726 ||| PLANNING CONVERSION TO OKAWARU
 10733 | Temple   | Fell from the grace of Ignis
 10733 | Temple   | Became a worshipper of Warmaster Okawaru
 10734 | Temple   | 10734 ||| PLANNING D:1-11
 10770 | D:9      | 10770 ||| Stepping ~*~*~tactically~*~*~ (hiding).
 10780 | D:9      | 10780 ||| Stepping ~*~*~tactically~*~*~ (stealth).
 10811 | D:9      | 10811 ||| FLEEEEING.
 10812 | D:9      | 10812 ||| FLEEEEING.
 10813 | D:9      | 10813 ||| STAIRDANCE
 11004 | D:9      | 11004 ||| STAIRDANCE
 11009 | D:8      | HP: 20/80 [yak (1)]
 11011 | D:8      | Slain by a wyvern

Levels and vault maps discovered:
D:1:      minmay_arrival_doors, layout_loops_corners,
          shapermc_ecumenical_altar_mp_urbaneastern
D:2:      layout_rooms, chequers_avenue, amethyst_killhole,
          amcnicky_mini_pool_small, serial_park_tiny_1, minmay_crystal_room,
          st_stairs_12, minmay_ruptured
D:3:      layout_loops_ring, uniq_natasha, uniq_pargi, uniq_crazy_yiuf_cottage
D:4:      layout_loops_corners, mainiacjoe_overflow_two_lobes
D:5:      layout_gridville, nicolae_overflow_crystal_walls,
          lightli_sewer_entry_pipes
D:6:      layout_cave_pools, serial_shops, nicolae_shop_crystal
D:7:      layout_gridville, temple_fountains, kennysheep_generic_room_2
D:8:      layout_basic, nicolae_tso_besieged_by_evil, cheibrodos_worm_habitat,
          serial_demonic, serial_demonic_d, serial_demonic_c, serial_demonic_e,
          serial_demonic_e, serial_demonic_a, nicolae_zen_rock_garden,
          uniq_gastronok, uniq_prince_ribbit1
D:9:      wander_river, layout_loops_corners, nzn_hepliaklqana_mist_gate,
          vehumet_crystals, minmay_lair_entry_grove, serial_shops,
          nicolae_shop_waterfront, uniq_maurice
Temple:   nicolae_temple_great_sept

Skill      XL: |  1  2  3  4  5  6  7  8  9 10 |
---------------+-------------------------------+-----
Armour         | 1 3 4 5 |  5.0
Axes           | 4 5 6 7 9 10 12 | 12.9
Throwing       | 1 2 |  2.7
Fighting       | 4 5 7 8 |  8.0
Dodging        | 2 |  2.0
Spellcasting   | |  1.1
Fire Magic     | |  3.0

Action                   |  1- 3 |  4- 6 |  7- 9 | 10-12 || total
-------------------------+-------+-------+-------+-------++-------
Melee: Hand axe          |    79 |   135 |   154 |       ||   368
       Punch             |       |     2 |     3 |     2 ||     7
       War axe           |       |       |   120 |   128 ||   248
Throw: Javelin           |       |     2 |    36 |       ||    38
       Boomerang         |       |       |     4 |    30 ||    34
Invok: Fiery Armour      |     2 |     2 |     6 |     3 ||    13
  Use: Scroll            |     2 |    11 |     4 |       ||    17
       Potion            |     1 |     4 |       |       ||     5
Armor: Robe              |    10 |       |       |       ||    10
       Chain mail        |    32 |    69 |   167 |    53 ||   321
Dodge: Dodged            |    30 |    42 |   138 |    49 ||   259

Table legend:
 A = Non-vault XP
 B = Vault XP
 C = Vault XP percentage of total XP
 D = Non-vault monster count
 E = Vault monster count
 F = Vault count percentage of total count
                 A         B        C        D         E       F
            +---------+---------+-------+---------+---------+-------
      Total |    4916 |    2788 |  36.2 |     139 |      40 |  22.3
            +---------+---------+-------+---------+---------+-------
        D:1 |      14 |       0 |   0.0 |       7 |       0 |   0.0
        D:2 |      59 |      29 |  33.0 |      13 |       4 |  23.5
        D:3 |     178 |     167 |  48.4 |      14 |       2 |  12.5
        D:4 |      67 |       0 |   0.0 |      13 |       0 |   0.0
        D:5 |     548 |      58 |   9.6 |      14 |       5 |  26.3
        D:6 |     634 |       0 |   0.0 |      17 |       0 |   0.0
        D:7 |    1656 |     115 |   6.5 |      35 |       2 |   5.4
        D:8 |    1459 |    2066 |  58.6 |      25 |      25 |  50.0
        D:9 |     301 |     353 |  54.0 |       1 |       2 |  66.7
            +---------+---------+-------+---------+---------+-------
